 Dungeon Crawl Stone Soup version 0.20.1-1-g8b1a95d (webtiles) character file.

60 Linguinho the Digger (level 3, -2/19 HPs)
             Began as a Deep Elf Earth Elementalist on Oct 28, 2017.
             Slain by KoningWillie's ghost (10 damage)
             ... on level 3 of the Dungeon.
             The game lasted 00:05:52 (2120 turns).

Linguinho the Digger (Deep Elf Earth Elementalist)  Turns: 2120, Time: 00:05:53

Health: -2/19      AC:  2    Str:  5    XL:     3   Next: 80%
Magic:  7/10       EV: 13    Int: 24    God:
Gold:   42         SH:  0    Dex: 15    Spells: 3/9 levels left

rFire    . . .     SeeInvis .   a - +0 dagger
rCold    . . .     Gourm    .   (no shield)
rNeg     . . .     Faith    .   c - +0 robe
rPois    .         Spirit   .   (no helmet)
rElec    .         Reflect  .   (no cloak)
rCorr    .         Harm     .   (no gloves)
MR       .....                  (no boots)
Stlth    ++........             (no amulet)
Regen    0.1/turn               (no ring)
MPRegen  0.2/turn               p - +4 ring of intelligence

@: no status effects
A: no striking features
a: no special abilities


You were on level 3 of the Dungeon.
You were not hungry.

You visited 1 branch of the dungeon, and saw 3 of its levels.

You collected 42 gold pieces.

Inventory:

Hand Weapons
 a - a +0 dagger (weapon)
Missiles
 b - 64 stones (quivered)
Armour
 c - a +0 robe (worn)
Jewellery
 p - a +4 ring of intelligence (right hand)
Scrolls
 h - a scroll of remove curse
 i - 3 scrolls of teleportation
 j - 2 scrolls of identify
 k - a scroll of random uselessness {unknown}
 m - a scroll of blinking
 r - a scroll of immolation {unknown}
 s - a scroll of enchant armour {unknown}
Potions
 l - 2 potions of magic {unknown}
 o - a potion of curing {unknown}
Books
 e - a book of Geomancy

   Spells                             Type                      Level
   a - Sandblast                      Earth                        1
   b - Passwall                       Transmutation/Earth          2
   c - Stone Arrow                    Conjuration/Earth            3
   d - Petrify                        Transmutation/Earth          4
   e - Lee's Rapid Deconstruction     Earth                        5
Comestibles
 d - a bread ration
 n - 2 meat rations
 q - a royal jelly


   Skills:
 * Level 1.0 Short Blades
 * Level 2.9 Dodging
 * Level 3.1 Stealth
 * Level 3.6 Spellcasting
 + Level 1.1 Transmutations
 * Level 4.1 Earth Magic


You had 3 spell levels left.
You knew the following spells:

 Your Spells              Type           Power        Failure   Level  Hunger
a - Sandblast             Erth           ###...       1%          1    None
b - Passwall              Tmut/Erth      ###.......   5%          2    #......
c - Stone Arrow           Conj/Erth      ##....       13%         3    ###....


Dungeon Overview and Level Annotations

Branches:
Dungeon (3/15)

Altars:

Annotations:
D:3 KoningWillie's ghost, amateur MiFi


Message History

KoningWillie's ghost hits you!
Ouch! That really hurt!
You finish merging with the rock.
You start resting.
Casting: Passwall
Confirm with . or Enter, or press ? or * to list all spells.
Aiming: Sandblast
Press: ? - help, Shift-Dir - straight line, f/p - giant cockroach
Aim: a giant cockroach (heavily wounded, clinging)
The blast of sand hits the giant cockroach.
You kill the giant cockroach!
b - 64 stones You start resting.
Casting: Sandblast
Confirm with . or Enter, or press ? or * to list all spells.
Which direction?
You begin to meditate on the wall.
You continue meditating on the rock.
KoningWillie's ghost hits you!
Ouch! That really hurt!
You die...

#...........( ##..#
#####.####### #..>#
#..†$.# #.###
#.#.#.# ####.#
#.#.#.# #....#
#...#.#########.####
##....#....sW...#
#.####.#####.### #.#
#.#@..#.# #.#
#.##W.###
#.####.##..#
#..s.......#
#####.####.#
#....#.# ####.#.#
#...# #####


You could see KoningWillie's ghost.

Vanquished Creatures
  A dart slug (D:1)
  3 leopard geckos
  7 giant cockroaches
  5 goblins
  3 hobgoblins
  A quokka (D:2)
  2 ball pythons (D:2)
  7 bats
  7 frilled lizards
  10 kobolds
  5 rats
51 creatures vanquished.

Notes
Turn   | Place    | Note
-------+----------+-------------------------------------------
     0 | D:1      | Linguinho the Deep Elf Earth Elementalist began the quest for the Orb.
     0 | D:1      | Reached XP level 1. HP: 10/10 MP: 6/6
   406 | D:1      | Reached XP level 2. HP: 15/15 MP: 6/8
   418 | D:1      | Learned a level 2 spell: Passwall
   947 | D:1      | Reached skill level 1 in Short Blades
   974 | D:1      | Reached XP level 3. HP: 17/19 MP: 5/9
   980 | D:1      | Learned a level 3 spell: Stone Arrow
  1027 | D:1      | Reached skill level 4 in Earth Magic
  2072 | D:3      | Noticed KoningWillie's ghost (amateur MiFi)
  2120 | D:3      | Slain by KoningWillie's ghost

Skill      XL: |  1  2  3 |
---------------+----------+-----
Short Blades   | 1 |  1.0
Earth Magic    | 4 |  4.1
Stealth        | 3 |  3.1
Dodging        | |  2.9
Spellcasting   | |  3.6
Transmutations | |  1.1

Action                   || total
-------------------------++-------
Melee: Dagger            ||    72
 Cast: Sandblast         ||    35
       Stone Arrow       ||     3
       Passwall          ||     2
  Use: Scroll            ||     3
 Stab: Sleeping          ||    16
  Eat: Chunk             ||     4
Armor: Robe              ||    14
Dodge: Dodged            ||    57
